 Dungeon Crawl Stone Soup version 0.16.1-4-g8e1b745 (webtiles) character file.

35 inmateoo the Conjurer (level 3, 0/21 HPs)
             Began as an Octopode Conjurer on Mar 28, 2015.
             Slain by an iron imp (12 damage)
             ... summoned by Natasha
             ... on level 3 of the Dungeon.
             The game lasted 00:01:59 (1046 turns).

inmateoo the Conjurer (Octopode Conjurer)           Turns: 1046, Time: 00:01:59

Health: 0/21       AC:  1    Str:  7    XL:     3   Next: 33%
Magic:  1/6        EV: 12    Int: 18    God:
Gold:   113        SH:  0    Dex: 12    Spells: 2 memorised, 3 levels left

rFire  . . .     SeeInvis .     (no weapon)
rCold  . . .     Clarity  .     (no shield)
rNeg   . . .     SustAb   .     (helmet restricted)
rPois  .         Gourm    .     (no amulet)
rElec  .         Spirit   .     (no ring)
rCorr  .         Warding  .     (no ring)
rMut   .         Stasis   .     (no ring)
MR     .....                    (no ring)
Stlth  +++.......               (no ring)
                                (no ring)
                                (no ring)
                                (no ring)

@: slowed, very slow, not resistant to hostile enchantments, fairly stealthy
A: almost no armour, amphibious, 8 rings, constrict 8, camouflage 1, gelatinous
body 1
a: no special abilities


You were on level 3 of the Dungeon.
You were not hungry.

You visited 1 branch of the dungeon, and saw 3 of its levels.

You collected 113 gold pieces.

Inventory:

Scrolls
 d - a scroll of noise {unknown}
 e - a scroll of remove curse {unknown}
 h - a scroll of teleportation {unknown}
 i - a scroll of identify {unknown}
 j - a scroll of enchant armour {unknown}
Potions
 f - a potion of cancellation {unknown}
 g - 2 potions of curing {unknown}
Books
 c - a book of Conjurations

   Spells                             Type                      Level
   a - Magic Dart                     Conjuration                  1
   b - Searing Ray                    Conjuration                  2
   c - Dazzling Spray                 Conjuration/Hexes            3
   d - Fulminant Prism                Conjuration/Hexes            4
   e - Iskenderun's Mystic Blast      Conjuration                  4
   f - Iskenderun's Battlesphere      Conjuration/Charms           5
Comestibles
 b - a bread ration


   Skills:
 + Level 2.6 Dodging
 + Level 3.0 Stealth
 + Level 2.2 Spellcasting
 * Level 4.4 Conjurations


You had 3 spell levels left.
You knew the following spells:

 Your Spells              Type           Power        Failure   Level  Hunger
a - Magic Dart            Conj           ###.         2%          1    #......
b - Searing Ray           Conj           ###...       4%          2    ##.....


Dungeon Overview and Level Annotations

Branches:
Dungeon (3/15)

Altars:
Dithmenos
The Shining One

Annotations:
D:3 Natasha


Innate Abilities, Weirdness & Mutations

You cannot wear most types of armour.
You are amphibious.
You can wear up to eight rings at the same time.
You can use your tentacles to constrict many enemies at once.
Your skin changes colour to match your surroundings (Stealth).
Your rubbery body absorbs attacks (AC +1).


Message History

Unknown command.
You miss Natasha. Your grab misses Natasha. Natasha claws you!
Natasha barely misses you.
You tentacle-slap Natasha but do no damage.
You grab Natasha. You constrict Natasha.
Natasha casts a spell.
You tentacle-slap Natasha. You squeeze Natasha.
Natasha is moderately wounded.
You constrict Natasha.
Natasha casts a spell. x2
The iron imp closely misses you.
Unknown command.
You barely miss Natasha.
Natasha is heavily wounded.
You constrict Natasha, but do no damage.
Natasha claws you.
The crimson imp grins evilly.
The iron imp hits you!
Ouch! That really hurt!
You die...

. #. #.
##. # ..
.# ##.##.
#...ยง
##.5.#
#.5h@#
#...5#
$......##
.......
.#..###
... .


You could see an iron imp, Natasha and 2 crimson imps.

Vanquished Creatures
  6 bats
  A giant cockroach (D:2)
  5 goblins
  5 hobgoblins (D:1)
  4 jackals
  3 giant newts (D:1)
  2 kobolds (D:1)
  4 rats
30 creatures vanquished.

Notes
Turn   | Place    | Note
--------------------------------------------------------------
     0 | D:1      | inmateoo, the Octopode Conjurer, began the quest for the Orb.
     0 | D:1      | Reached XP level 1. HP: 11/11 MP: 3/3
   143 | D:1      | Reached XP level 2. HP: 10/17 MP: 2/4
   276 | D:1      | Found a glowing golden altar of the Shining One.
   551 | D:1      | Learned a level 2 spell: Searing Ray
   685 | D:1      | Reached XP level 3. HP: 21/21 MP: 6/6
  1032 | D:2      | You fall through a shaft!
  1032 | D:3      | Found a shadowy altar of Dithmenos.
  1032 | D:3      | Noticed Natasha
  1046 | D:3      | Slain by an iron imp

Action                   || total
-------------------------++-------
Melee: Unarmed           ||    39
 Cast: Magic Dart        ||    43
       Searing Ray       ||     1
  Use: Potion            ||     1
 Stab: Distracted        ||     1
       Sleeping          ||     1
  Eat: Chunk             ||     1
